 Dungeon Crawl Stone Soup version 0.28.0-53-g5a82cb258f (webtiles) character file.

Game seed: 7095442571639211878

73 eooof the Shield-Bearer (level 4, 0/41 HPs)
             Began as a Minotaur Fighter on June 29, 2022.
             Was an Initiate of Gozag.
             Slain by an orc priest
             ... wielding a +0 flail
              (7 damage)
             ... on level 4 of the Dungeon.
             The game lasted 00:07:55 (1398 turns).

eooof the Shield-Bearer (Minotaur Fighter)          Turns: 1398, Time: 00:07:55

Health: 0/41       AC:  8    Str: 23    XL:     4   Next: 8%
Magic:  3/3        EV:  9    Int:  5    God:    Gozag
Gold:   220        SH:  4    Dex:  9    Spells: 3/3 levels left

rFire   . . .      SeeInvis +   a - +0 long sword
rCold   . . .      Faith    .   c - +0 buckler
rNeg    . . .      Spirit   .   b - +0 scale mail
rPois   .          Reflect  .   (helmet restricted)
rElec   .          Harm     .   (no cloak)
rCorr   .          Rampage  .   f - +0 pair of gloves
Will    ++...                   (no boots)
Stlth   ..........              (no amulet)
HPRegen 0.13/turn               h - ring "Toimmir" {Will+ SInv}
MPRegen 0.08/turn               i - ring of willpower

@: gold aura
A: horns 2, retaliatory headbutt
a: Renounce Religion, Potion Petition, Call Merchant, Bribe Branch


You were on level 4 of the Dungeon.
You worshipped Gozag.
Gozag was aware of your devotion.
You visited 1 branch of the dungeon, and saw 4 of its levels.

You collected 220 gold pieces.

Inventory:

Hand Weapons
 a - a +0 long sword (weapon)
 e - a +4 dagger
Armour
 b - a +0 scale mail (worn)
 c - a +0 buckler (worn)
 f - a +0 pair of gloves (worn)
Jewellery
 h - the ring "Toimmir" (left hand) {Will+ SInv}
   (You found it on level 2 of the Dungeon)

   [ring of willpower]

   SInv:      It lets you see invisible.
   Will:      It increases your willpower.
 i - a ring of willpower (right hand)
Scrolls
 g - a scroll of teleportation
Potions
 d - 2 potions of might


   Skills:
 + Level 4.3 Fighting
 + Level 3.3 Long Blades
 + Level 4.3 Armour
 + Level 4.3 Shields


You had 3 spell levels left.
You didn't know any spells.
Your spell library was empty.

Dungeon Overview and Level Annotations

Branches:
Dungeon (4/15)
 Temple: D:4-7

Altars:
Gozag


Innate Abilities, Weirdness & Mutations

You have a pair of horns on your head.
You reflexively headbutt those who attack you in melee.


Message History

An orc comes into view. It is wielding a +0 dagger.
Found 15 gold pieces.
The orc shouts!
Found an escape hatch in the ceiling.
An orc comes into view. It is wielding a +0 flail.
The orc shouts!
You hear a shout! x2
An orc priest comes into view. It is wielding a +0 flail.
An orc comes into view. It is wielding a +0 club.
The orc shouts!
The orc priest mumbles some strange prayers to Beogh against you.
Pain shoots through your body!
The orc is distracted by your dazzling golden aura.
An orc priest comes into view. It is wielding a +0 hand axe.
The orc hits you with a +0 flail.
The orc shouts!
You closely miss the orc.
The orc is no longer distracted by gold.
Your headbutt misses the orc.
You hear a bellow!
The orc hits you with a +0 dagger. The orc hits you but does no damage. x2
You closely miss the orc.
The orc priest invokes the aid of Beogh against you.
Beogh smites you! The orc closely misses you. You furiously retaliate!
You headbutt the orc. The orc hits you but does no damage.
The orc hits you with a +0 club.
You barely miss the orc. You headbutt the orc.
You kill the orc!
You block the orc's attack. You block the orc priest's attack.
The orc hits you but does no damage.
You barely miss the orc priest. The orc hits you with a +0 flail.
* * * LOW HITPOINT WARNING * * *
The orc priest barely misses you. The orc hits you but does no damage.
The orc priest calls down the wrath of Beogh upon you.
You resist with almost no effort. The orc hits you with a +0 flail.
* * * LOW HITPOINT WARNING * * *
Okay, then.
Unknown command.
The orc priest hits you with a +0 flail!
You die...
Your body crumbles into a pile of gold.

.... ..##....#. ....#
#.........
.....##..........
................. $
........$........
#.............<..
#....o.(....#...
##..$oo.....#... #.
#....o@.......##
...##..##.#............
.......#...............
........).#............
.......................
.................).....
..................##...
..................# ..
#....<..........#


You could see 2 orc priests and 2 orcs.

Vanquished Creatures
  A hound skeleton (D:4)
  3 adders (D:2)
  An orc (D:4)
  3 ball pythons
  3 endoplasms
  3 giant cockroaches
  6 goblins
  A hobgoblin (D:2)
  2 kobolds
  A quokka (D:2)
  3 bats
  2 frilled lizards (D:1)
  3 rats (D:1)
32 creatures vanquished.

Notes
Turn   | Place    | Note
-------+----------+-------------------------------------------
     0 | D:1      | eooof the Minotaur Fighter began the quest for the Orb.
     0 | D:1      | Reached XP level 1. HP: 19/19 MP: 0/0
   182 | D:1      | Reached XP level 2. HP: 21/27 MP: 1/1
   567 | D:1      | Found a faded altar of an unknown god.
   576 | D:1      | Prayed at the altar of an unknown god.
   576 | D:1      | Became a worshipper of Gozag Ym Sagoz the Greedy
   961 | D:2      | Reached XP level 3. HP: 28/33 MP: 2/2
  1006 | D:2      | Identified the ring "Toimmir" {Will+ SInv}
  1384 | D:4      | Reached XP level 4. HP: 41/41 MP: 3/3
  1398 | D:4      | Slain by an orc priest

Illustrated notes

Levels and vault maps discovered:
D:1:      dpeg_arrival_long_road, layout_basic,
          chequers_ecumenical_altar_simple_redux
D:2:      layout_basic, basic_altar, uniq_jessica
D:3:      layout_loops_cross, kennysheep_cross_bottleneck, chequers_garden
D:4:      layout_cave_pools

Skill      XL: |  1  2 |
---------------+-------+-----
Fighting       | 4 |  4.3
Long Blades    | 3 |  3.3
Armour         | 4 |  4.3
Shields        | 4 |  4.3

Action                   |  1- 3 |  4- 6 || total
-------------------------+-------+-------++-------
Melee: Long sword        |    52 |     4 ||    56
       Headbutt          |     5 |     1 ||     6
  Use: Scroll            |     1 |       ||     1
Armor: Scale mail        |    43 |     5 ||    48
Dodge: Dodged            |    31 |     2 ||    33
Block: Buckler           |    14 |     2 ||    16
